Map: Rhoskallian LE

Players

BoneSaw - Winner!

  • Race: Protoss Protoss
  • League: Diamond
  • Spawn Location: 12:00

MagicTurtle - Winner!

  • Race: Terran Terran
  • Spawn Location: 11:00

Goz

  • Race: Zerg Zerg
  • Spawn Location: 6:00

Cal

  • Race: Zerg Zerg
  • League: Gold
  • Spawn Location: 5:00

VOD

Have the link to the VOD?

Description

Time

  • Played on: July 26, 2024, 11:54 p.m.
  • Length: 11:40
Show
View Real Time Build Order
Export as new Build Order

BoneSaw Protoss - Winner!

Build Orders:  

Get SALT Encoding   

  12  0:09  Probe  
  13  0:21  Pylon, Probe  
  14  0:31  Assimilator  
  14  0:33  Probe  
  15  0:43  Gateway  
  15  0:56  Gateway  
  15  0:58  Probe (Chrono Boost)  
  16  1:10  Probe (Chrono Boost)  
  17  1:16  Probe (Chrono Boost)  
  18  1:24  Probe  
  19  1:32  Cybernetics Core  
  19  1:43  Probe  
  20  1:59  Nexus  
  20  2:06  Warp Gate (Chrono Boost), Probe  
  21  2:09  Assimilator  
  21  2:21  Probe  
  22  2:23  Pylon  
  22  2:33  Probe  
  23  2:45  Probe  
  24  2:51  Gateway  
  24  2:54  Gateway  
  24  3:00  Probe  
  24  3:01  Pylon  
  25  3:13  Probe x2  
  27  3:21  Twilight Council  
  27  3:27  Probe x2  
  29  3:40  Adept x2  
  33  3:46  Adept  
  35  3:49  Adept  
  37  4:01  Adept  
  37  4:02  Adept  
  41  4:05  Probe x2  
  41  4:07  Adept  
  45  4:10  Adept  
  47  4:18  Probe  
  47  4:19  Probe  
  47  4:23  Assimilator  
  49  4:26  Assimilator  
  49  4:31  Probe x2  
  51  4:32  Stalker  
  41  5:03  Resonating Glaives (Chrono Boost)  
  37  5:12  Adept  
  37  5:13  Adept x3  
  45  5:15  Probe x2 (Chrono Boost)  
  45  5:21  Pylon  
  47  5:24  Pylon  
  47  5:25  Probe x2 (Chrono Boost)  
  49  5:28  Pylon  
  49  5:30  Probe x2 (Chrono Boost)  
  51  5:36  Forge  
  51  5:37  Adept, Forge  
  53  5:49  Stalker x2  
  57  5:53  Probe x2  
  57  5:56  Adept  
  61  6:05  Probe  
  61  6:08  Adept  
  64  6:13  Adept x2  
  64  6:15  Protoss Ground Weapons Level 1 (Chrono Boost), Protoss Ground Armor Level 1 (Chrono Boost)  
  64  6:17  Probe x2  
  70  6:23  Blink (Chrono Boost)  
  70  6:27  Pylon  
  70  6:28  Adept  
  70  6:29  Adept  
  70  6:31  Probe x2  
  76  6:37  Stalker  
  78  6:45  Pylon  
  78  6:52  Probe x2  
  80  7:00  Adept  
  82  7:06  Nexus  
  82  7:08  Probe x2  
  84  7:10  Pylon  
  84  7:14  Pylon  
  84  7:20  Probe x2  
  86  7:26  Photon Cannon  
  86  7:31  Photon Cannon  
  86  7:32  Probe x2  
  86  7:34  Gateway  
  86  7:36  Stalker  
  90  7:41  Stalker  
  92  7:44  Probe x2  
  92  7:48  Pylon  
  92  7:49  Stalker  
  96  7:56  Gateway  
  96  8:00  Gateway  
  96  8:01  Probe x2  
  98  8:13  Probe, Adept x3  
  105  8:20  Templar Archives  
  105  8:25  Probe x2  
  107  8:29  Assimilator  
  107  8:30  Adept x2  
  107  8:33  Assimilator  
  111  8:39  Adept x3  
  117  8:43  Probe x2  
  117  8:44  Probe  
  117  8:47  Protoss Ground Weapons Level 2 (Chrono Boost), Protoss Ground Armor Level 2 (Chrono Boost)  
  120  8:51  Charge (Chrono Boost)  
  120  9:01  Probe x3  
  120  9:02  Nexus  
  123  9:05  Stalker x4  
  131  9:18  Probe x2  
  131  9:19  Pylon  
  131  9:22  Pylon, Probe  
  121  9:26  Adept x2  
  121  9:27  Adept  
  121  9:29  Adept x2  
  121  9:30  Adept  
  73  9:48  Adept  
  73  9:49  Adept x3  
  72  9:54  Probe x2  
  72  9:55  Probe  
  73  10:06  Probe  
  73  10:07  Probe  
  75  10:08  Probe  
  75  10:13  Pylon  
  76  10:19  Probe x2  
  78  10:21  Probe x2  
  80  10:31  Probe  
  80  10:32  Probe  
  80  10:33  Probe x2  
  84  10:40  Shield Battery  
  84  10:43  Probe  
  83  10:56  Zealot  
  85  10:57  Zealot x6  
  83  11:31  Adept x7  
Show
View Real Time Build Order
Export as new Build Order

MagicTurtle Terran - Winner!

Build Orders:  

Get SALT Encoding   

  12  0:00  SCV  
  13  0:19  SCV  
  13  0:20  Supply Depot  
  14  0:31  SCV  
  15  0:43  Barracks  
  15  0:44  SCV  
  15  0:49  Refinery  
  16  0:53  Refinery  
  16  0:56  SCV  
  17  1:08  SCV  
  18  1:21  SCV  
  19  1:30  Barracks Reactor  
  19  1:31  Supply Depot  
  19  1:35  Orbital Command  
  19  1:55  Factory  
  19  2:02  SCV  
  19  2:07  Marine x2  
  22  2:10  Supply Depot  
  22  2:21  SCV  
  23  2:25  Marine x2  
  25  2:33  SCV  
  26  2:40  Factory Tech Lab, Starport  
  26  2:46  SCV, Marine x2  
  29  2:59  Siege Tank  
  29  3:00  SCV  
  29  3:05  Supply Depot  
  33  3:06  Marine x2  
  35  3:31  Medivac x2  
  39  3:42  Command Center  
  39  3:47  SCV  
  41  4:02  Refinery  
  40  4:14  Fusion Core  
  40  4:15  SCV  
  41  4:17  Starport Tech Lab  
  41  4:20  Engineering Bay  
  41  4:27  SCV  
  42  4:31  Refinery  
  42  4:39  SCV  
  43  4:51  SCV  
  44  4:55  Marine  
  45  5:03  SCV  
  44  5:15  Battlecruiser  
  44  5:16  SCV  
  44  5:17  Orbital Command  
  42  5:28  SCV  
  43  5:31  Siege Tank  
  46  5:38  Starport  
  46  5:40  SCV  
  47  5:45  Command Center  
  47  5:46  SCV  
  48  5:52  SCV  
  49  5:58  SCV  
  49  6:00  Weapon Refit  
  50  6:04  SCV  
  51  6:16  SCV  
  51  6:17  SCV  
  53  6:24  Starport  
  53  6:28  SCV, Starport Tech Lab  
  53  6:32  Battlecruiser  
  60  6:36  SCV  
  61  6:40  Supply Depot  
  61  7:08  SCV x2  
  63  7:17  Battlecruiser, Starport Tech Lab  
  69  7:30  SCV x2  
  69  7:36  Supply Depot  
  71  7:42  SCV x2  
  73  7:57  Hi-Sec Auto Tracking  
  73  8:00  Battlecruiser  
  73  8:02  Supply Depot  
  73  8:03  Refinery  
  79  8:06  Planetary Fortress  
  79  8:09  SCV  
  79  8:10  SCV  
  81  8:14  Refinery  
  81  8:17  Supply Depot  
  81  8:22  SCV  
  81  8:24  Armory  
  81  8:25  Armory  
  82  8:29  Battlecruiser  
  82  8:30  Battlecruiser  
  82  8:32  SCV  
  95  8:38  Supply Depot  
  95  8:40  Supply Depot  
  95  8:42  SCV  
  95  8:43  SCV  
  97  8:55  Supply Depot  
  97  9:09  Battlecruiser  
  103  9:14  Terran Ship Weapons Level 1  
  103  9:15  Terran Vehicle And Ship Armor Level 1  
  100  9:35  Command Center  
  100  9:37  Supply Depot, Battlecruiser x2  
  111  10:33  Battlecruiser  
  125  11:27  Refinery  
Show
View Real Time Build Order
Export as new Build Order

Goz Zerg 

Build Orders: Hatch First 

Get SALT Encoding   

  12  0:00  Drone  
  13  0:12  Overlord  
  13  0:18  Drone  
  14  0:31  Drone x2  
  16  0:51  Hatchery  
  16  0:55  Drone  
  16  0:57  Drone  
  16  1:01  Drone  
  18  1:11  Extractor  
  18  1:16  Spawning Pool  
  16  1:24  Drone x2  
  18  1:28  Drone  
  19  1:39  Drone  
  20  1:50  Overlord  
  20  2:03  Queen x2  
  20  2:07  Zergling x4  
  26  2:11  Drone  
  26  2:13  Drone  
  28  2:32  Drone  
  28  2:33  Hatchery  
  28  2:43  Drone x2  
  30  2:44  Metabolic Boost  
  30  2:49  Drone  
  30  2:50  Drone  
  32  2:59  Drone  
  32  3:00  Drone x2  
  32  3:05  Overlord  
  35  3:10  Overlord  
  35  3:22  Queen  
  35  3:23  Drone  
  35  3:24  Drone x2  
  35  3:25  Drone  
  41  3:29  Overlord  
  41  3:37  Drone  
  41  3:38  Drone x2  
  44  3:50  Drone x2  
  44  3:53  Drone x2  
  44  3:54  Evolution Chamber  
  47  3:56  Extractor  
  47  3:57  Evolution Chamber  
  47  4:01  Drone x2  
  47  4:02  Baneling Nest  
  46  4:03  Drone x2  
  46  4:05  Drone  
  49  4:27  Zergling x8  
  49  4:28  Zergling x8  
  49  4:29  Overlord x2  
  57  4:36  Roach Warren  
  57  4:37  Zerg Melee Weapons Level 1, Zerg Ground Armor Level 1  
  31  5:15  Zergling x32  
  46  5:25  Drone x2  
  48  5:30  Queen  
  50  5:40  Drone x3  
  50  5:41  Drone  
  54  5:44  Spore Crawler  
  54  5:48  Spore Crawler  
  52  5:55  Drone x4  
  56  6:12  Queen x2  
  56  6:15  Drone x3  
  63  6:18  Drone  
  63  6:19  Drone  
  65  6:41  Overlord  
  65  6:42  Overlord x2  
  65  6:43  Drone  
  65  6:44  Drone x2  
  68  6:49  Extractor  
  68  6:50  Drone x3  
  68  6:51  Drone  
  68  6:52  Drone x2  
  73  7:03  Zergling x14  
  73  7:06  Lair  
  80  7:09  Baneling x4  
  80  7:10  Baneling  
  80  7:18  Drone  
  80  7:19  Drone x5  
  80  7:21  Drone  
  87  7:35  Drone x3  
  87  7:36  Drone x5  
  95  7:54  Hatchery  
  94  7:59  Extractor  
  93  8:09  Spire  
  92  8:12  Extractor  
  92  8:13  Extractor  
  92  8:15  Drone x2  
  92  8:16  Drone x3  
  92  8:17  Drone x3  
  98  8:22  Overlord x2  
  98  8:23  Overlord x3  
  98  8:33  Extractor  
  98  8:34  Drone  
  98  8:36  Overlord x2  
  98  8:45  Centrifugal Hooks  
  98  8:47  Drone  
  98  8:48  Drone x2  
  101  8:57  Overlord x3  
  101  9:11  Pneumatized Carapace  
  74  9:45  Mutalisk  
  58  10:06  Spawning Pool  
  53  10:07  Spore Crawler  
  52  10:14  Spore Crawler  
  52  10:15  Spore Crawler x2  
  49  10:32  Spawning Pool  
  38  10:52  Spawning Pool  
  30  10:59  Drone  
  30  11:00  Drone x2  
  28  11:11  Roach Warren  
Show
View Real Time Build Order
Export as new Build Order

Cal Zerg 

Build Orders: Hatch First 

Get SALT Encoding   

  12  0:00  Drone  
  13  0:13  Overlord  
  13  0:18  Drone  
  14  0:47  Drone  
  15  0:52  Hatchery  
  14  0:57  Drone  
  14  0:58  Drone  
  16  1:08  Extractor  
  15  1:15  Spawning Pool  
  15  1:17  Drone  
  15  1:22  Drone  
  16  1:28  Drone  
  17  1:34  Drone  
  18  1:43  Drone  
  20  1:54  Drone  
  20  2:03  Overlord  
  20  2:05  Queen  
  20  2:06  Queen  
  24  2:10  Extractor  
  24  2:11  Drone  
  24  2:19  Drone x2  
  26  2:25  Drone  
  27  2:31  Drone  
  27  2:33  Metabolic Boost  
  27  2:36  Drone  
  29  2:39  Drone  
  30  2:50  Drone x2  
  32  3:01  Queen  
  32  3:04  Queen  
  36  3:12  Overlord x2  
  36  3:25  Overlord  
  36  3:30  Drone x5  
  41  3:46  Drone x3  
  44  3:56  Drone, Extractor  
  44  3:57  Drone x2  
  46  4:03  Overlord x2  
  46  4:25  Hatchery  
  45  4:33  Zergling x18  
  54  4:47  Zergling x8  
  54  4:48  Zergling x8  
  56  5:33  Zergling x2  
  56  5:34  Zergling x14  
  64  5:39  Evolution Chamber  
  63  5:43  Zergling x2  
  63  5:44  Zergling x12  
  70  5:50  Drone  
  70  5:51  Drone  
  72  6:08  Drone  
  72  6:09  Drone  
  72  6:10  Overlord x3  
  74  6:27  Zerg Ground Armor Level 1  
  74  6:31  Drone x3, Baneling Nest  
  76  6:33  Drone  
  76  6:35  Drone  
  76  6:36  Drone x7, Extractor  
  76  6:39  Extractor  
  83  6:44  Evolution Chamber  
  82  6:47  Queen  
  82  6:49  Queen  
  82  6:50  Overlord x2  
  82  6:51  Overlord  
  86  7:13  Drone  
  86  7:14  Drone x2  
  86  7:15  Drone x5  
  94  7:36  Zerg Melee Weapons Level 1  
  94  7:44  Lair  
  94  7:46  Overlord x4  
  94  7:49  Zergling x14  
  101  7:53  Baneling x6  
  101  7:54  Baneling x5  
  101  7:55  Baneling x6  
  101  7:56  Baneling x6  
  101  8:02  Zergling x22  
  112  8:38  Overlord x3  
  112  8:43  Extractor  
  111  8:51  Centrifugal Hooks  
  111  8:52  Zerg Ground Armor Level 2  
  111  8:55  Zergling x20  
  119  9:01  Hatchery  
  120  9:12  Hydralisk Den  
  86  9:30  Zergling x2  
  86  9:31  Zergling x30  
  79  9:49  Hydralisk x3  
  85  10:00  Hydralisk x6  
  97  10:16  Hydralisk x5  
  97  10:17  Hydralisk  
  99  10:29  Hydralisk x7  
  93  11:08  Hydralisk  
  93  11:09  Hydralisk x13  
Tags
 
Add a new tag
Caveats
  • Supply blocks, unpowered buildings, or Contaminate may cause inaccurate times.
  • Supply counts are checked every 10 seconds.